 Dungeon Crawl Stone Soup version 0.17-a0-1802-g9847487 (webtiles) character file.

462 Psiweapon the Ducker (level 6, -3/51 HPs)
             Began as a Draconian Gladiator on Sept 11, 2015.
             Slain by a hill giant
             ... wielding a +0 giant club
              (32 damage)
             ... on level 5 of the Dungeon.
             The game lasted 00:12:16 (3563 turns).

Psiweapon the Ducker (Draconian Gladiator)          Turns: 3563, Time: 00:12:16

Health: -3/51      AC: 11    Str: 18    XL:     6   Next: 79%
Magic:  8/8        EV: 13    Int: 10    God:
Gold:   229        SH:  0    Dex: 11    Spells: 1 memorised, 7 levels left

rFire  . . .     SeeInvis .     a - +0 quarterstaff
rCold  . . .     Clarity  .     (armour unavailable)
rNeg   . . .     SustAt   .     (no shield)
rPois  .         Gourm    .     b - +1 hat
rElec  .         Spirit   .     (no cloak)
rCorr  .         Warding  .     (no gloves)
rMut   .         Rnd*Tele +     (no boots)
MR     .....                    y - amulet of regeneration
Stlth  +.........               m - ring of teleportation (curse)
                                v - +4 ring of protection

@: not resistant to hostile enchantments, very unstealthy
A: unfitting armour, cold-blooded, AC +6
a: Evoke Teleportation


You were on level 5 of the Dungeon.
You were hungry.

You visited 1 branch of the dungeon, and saw 5 of its levels.

You collected 229 gold pieces.

Inventory:

Hand weapons
 a - a +0 quarterstaff (weapon)
Missiles
 c - 4 throwing nets
 i - 7 curare-tipped needles
 r - 3 tomahawks
 t - 2 javelins (quivered)
Armour
 b - a +1 hat (worn)
Jewellery
 f - the ring "Ymec" {MR- Str+2 Int+2 Stlth-}
   (You found it on level 4 of the Dungeon)

   [ring of loudness]

   It affects your strength (+2).
   It affects your intelligence (+2).
   It affects your resistance to hostile enchantments.
   It makes you less stealthy.
 l - an uncursed ring of sustain attributes
 m - a cursed ring of teleportation (right hand)
 v - a +4 ring of protection (left hand)
 y - an amulet of regeneration (around neck)
 z - an uncursed ring of protection from cold
Magical devices
 A - a wand of slowing (28)
Scrolls
 p - 3 scrolls of recharging
 x - a scroll of teleportation {unknown}
 C - a scroll of fear
 E - a scroll of enchant armour
Potions
 e - a potion of agility {unknown}
 g - a potion of haste {unknown}
 h - 3 potions of cancellation {unknown}
 j - a potion of heal wounds {unknown}
 q - 4 potions of curing
 s - a potion of ambrosia {unknown}
 w - a potion of flight {unknown}
Books
 o - a book of Changes

   Spells                             Type                      Level
   a - Beastly Appendage              Transmutation                1
   b - Sticks to Snakes               Transmutation                2
   c - Spider Form                    Transmutation/Poison         3
   d - Ice Form                       Ice/Transmutation            4
   e - Blade Hands                    Transmutation                5
 D - a book of the Dragon

   Spells                             Type                      Level
   a - Flame Tongue                   Conjuration/Fire             1
   b - Cause Fear                     Hexes                        4
   c - Bolt of Fire                   Conjuration/Fire             6
   d - Dragon Form                    Transmutation                7
   e - Dragon's Call                  Summoning                    9
 F - a book of Summonings

   Spells                             Type                      Level
   a - Recall                         Summoning/Translocation      3
   b - Aura of Abjuration             Summoning                    5
   c - Shadow Creatures               Summoning                    5
   d - Summon Demon                   Summoning                    5
   e - Summon Forest                  Summoning/Translocation      5
   f - Summon Mana Viper              Hexes/Summoning              5
Comestibles
 d - 4 bread rations
 k - 4 meat rations
 n - 6 fruits
 u - a royal jelly
 B - a chunk of flesh


   Skills:
 + Level 3.6 Fighting
 + Level 4.3 Staves
 + Level 2.6 Throwing
 + Level 4.8 Dodging
 + Level 1.2 Stealth
 + Level 1.5 Spellcasting
 + Level 0.8 Transmutations


You had 7 spell levels left.
You knew the following spells:

 Your Spells              Type           Power        Failure   Level  Hunger
a - Beastly Appendage     Trmt           #.....       24%         1    ##.....


Dungeon Overview and Level Annotations

Branches:
Dungeon (5/15)
 Temple: D:4-7

Altars:
Ashenzari
Kikubaaqudgha
Trog


Innate Abilities, Weirdness & Mutations

Your plain brown scales are hard (AC +6).
Your body does not fit into most forms of armour.
You are cold-blooded and may be slowed by cold attacks.


Message History

The hill giant barely misses you.
Throwing (i - inventory. (,) - cycle):
t - 3 javelins (quivered)
Press: ? - help, Shift-Dir - straight line, f/p - hill giant
Aim: a hill giant, wielding a giant club (heavily wounded)
You throw a javelin. The javelin hits the hill giant!
The hill giant is severely wounded.
You completely miss the hill giant.
The hill giant is heavily wounded.
The hill giant completely misses you.
You hit the hill giant.
You tail-slap the hill giant, but do no damage.
The hill giant is severely wounded.
The hill giant misses you.
You see here a whip.
You are feeling hungry.
You hit the hill giant.
The hill giant is severely wounded.
The hill giant hits you with a giant club!!
Ouch! That really hurt!
You die...

##..................... #......
#..........###.......# #.#####
#.............##...# #..###
#.............##...######....#
#.......................#....##
#.......................#.....#
#....##..........(......##....#
#####..........C.)......##....#
#.....####@####..##.####..#
#.....# #.####..##.#####.#
#.....# #.#..#..##...(...#
#.....####.#..'.###########
#........#.###### ########.#.#
#...# #####


You could see a hill giant.

Vanquished Creatures
  The ghost of CainoCity the Shield-Bearer, an average MiFi (D:4)
  A giant frog (D:5)
  A giant frog skeleton (D:5)
  An orc priest (D:3)
  A giant frog zombie (D:5)
  Natasha (thrice) (D:2)
  An orc wizard (D:3)
  A worker ant (D:5)
  7 adders
  A shadow imp (D:5)
  An ooze (D:2)
  2 worms
  8 orcs
  11 goblins
  7 hobgoblins
  4 kobolds
  5 quokkas
  8 bats
  A giant cockroach (D:5)
  A giant gecko (D:3)
  3 giant newts
  2 quokka zombies (D:5)
  9 rats
80 creatures vanquished.

Notes
Turn   | Place    | Note
--------------------------------------------------------------
     0 | D:1      | Psiweapon the Draconian Gladiator began the quest for the Orb.
     0 | D:1      | Reached XP level 1. HP: 17/17 MP: 1/1
   654 | D:1      | Reached XP level 2. HP: 25/25 MP: 2/2
   948 | D:2      | Found a shattered altar of Ashenzari.
   953 | D:2      | Learned a level 1 spell: Beastly Appendage
  1021 | D:2      | Reached XP level 3. HP: 26/30 MP: 1/3
  1036 | D:2      | Noticed Natasha
  1041 | D:2      | Killed Natasha
  1097 | D:2      | Reached XP level 4. HP: 33/37 MP: 2/4
  1191 | D:2      | Found an ancient bone altar of Kikubaaqudgha.
  1262 | D:2      | Noticed Natasha
  1298 | D:2      | Killed Natasha
  1553 | D:2      | Noticed Natasha
  1557 | D:2      | Killed Natasha
  1725 | D:3      | Reached XP level 5. HP: 44/44 MP: 3/5
  1828 | D:3      | Reached skill level 4 in Dodging
  1828 | D:3      | Reached skill level 1 in Spellcasting
  1960 | D:3      | Found a bloodstained altar of Trog.
  2604 | D:4      | Noticed CainoCity's ghost (average MiFi)
  2615 | D:4      | Killed CainoCity's ghost
  2615 | D:4      | Reached skill level 1 in Stealth
  2615 | D:4      | Reached XP level 6. HP: 37/51 MP: 6/8
  3184 | D:4      | Got a faintly glowing brass ring
  3186 | D:4      | Identified the ring "Ymec" {MR- Str+2 Int+2 Stlth-} (You found it on level 4 of the Dungeon)
  3226 | D:5      | Entered Level 5 of the Dungeon
  3509 | D:5      | Noticed a hill giant
  3563 | D:5      | Slain by a hill giant

Vault maps used:
D:1:      shiori_arrival_elements
D:2:      overflow_temple_1_default, nicolae_ashenzari_panopticon, uniq_natasha
D:3:      lemuel_round_altar
D:4:      first_bread
D:5:      minmay_opposing_rooms, corexii_checkpoint_a

Action                   |  1- 3 |  4- 6 || total
-------------------------+-------+-------++-------
Melee: Quarterstaff      |    50 |   194 ||   244
Throw: Tomahawk          |     2 |     8 ||    10
       Javelin           |       |    14 ||    14
 Cast: Beastly Appendage |     3 |     2 ||     5
  Use: Scroll            |       |     6 ||     6
  Eat: Chunk             |     1 |     8 ||     9
